[Event "76th Montenegro Championship 2024"]
[Site "Podgorica"]
[Date "2024.02.11"]
[Round "6.14"]
[White "Miletic, Vuk"]
[Black "Ratkovic, Milorad"]
[Result "0-1"]
[ECO "D02"]
[WhiteElo "2213"]
[BlackElo "2063"]
[Annotator "NA RC"]
[PlyCount "72"]
[EventDate "2024.02.06"]
[EventType "swiss"]
[EventCountry "MNE"]
[SourceTitle "playchess.com"]
[Source "ChessBase"]
[SourceQuality "1"]
[TimeControl "40/5400+30:1800+30"]

1. d4 d5 2. Nf3 Bf5 3. Bf4 e6 4. e3 Bd6 5. Bg3 Ne7 6. c4 O-O 7. Nc3 c6 8. Qb3 Bxg3 9. hxg3 b6 10. Nh4 Bg6 11. Nxg6 Nxg6 12. Bd3 Nd7 13. cxd5 cxd5 14. f4 Nf6 15. Qd1 b5 16. Nxb5 Rb8 17. Qe2 Ne4 18. Bxe4 dxe4 19. Nc3 f5 20. Rc1 Qb6 21. Rc2 Ne7 22. O-O Rfc8 23. Rfc1 Qa5 24. g4 fxg4 25. Nxe4 Rxc2 26. Rxc2 Nf5 27. Nc3 h5 28. Qd3 Qd8 29. Ne4 Qa5 30. Nc3 Rd8 31. Qe4 Rd6 32. d5 Qd8 33. Nb5 Rxd5 34. Qxe6+ Kh7 35. Nc3 Rd1+ 36. Kf2 Qh4+ 0-1

[Event "76th Montenegro Championship 2024"]
[Site "Podgorica"]
[Date "2024.02.11"]
[Round "6.15"]
[White "Scekic, Veljko"]
[Black "Kandic, Milojko"]
[Result "0-1"]
[ECO "A13"]
[WhiteElo "2206"]
[BlackElo "2046"]
[Annotator "NA RC"]
[PlyCount "52"]
[EventDate "2024.02.06"]
[EventType "swiss"]
[EventCountry "MNE"]
[SourceTitle "playchess.com"]
[Source "ChessBase"]
[SourceQuality "1"]
[TimeControl "40/5400+30:1800+30"]

1. Nf3 d5 2. c4 e6 3. b3 Nf6 4. g3 c5 5. Bg2 d4 6. e3 Nc6 7. d3 dxe3 8. Bxe3 e5 9. O-O Bf5 10. Re1 Ng4 11. Nh4 Be6 12. Nc3 Be7 13. Bd5 Nxe3 14. Rxe3 Bxh4 15. Bxc6+ bxc6 16. gxh4 Qxh4 17. Qf3 O-O 18. Rae1 Qd4 19. Na4 f6 20. Qxc6 Bd7 21. Qa6 f5 22. Qa5 Rf6 23. Rg3 f4 24. Rg5 h6 25. Rg2 Bc6 26. Qxc5 Qxd3 0-1

[Event "76th Montenegro Championship 2024"]
[Site "Podgorica"]
[Date "2024.02.11"]
[Round "6.16"]
[White "Krstonijevic, Stjepan"]
[Black "Koljevic, Nikolina"]
[Result "0-1"]
[ECO "B31"]
[WhiteElo "2108"]
[BlackElo "1974"]
[Annotator "NA RC"]
[PlyCount "96"]
[EventDate "2024.02.06"]
[EventType "swiss"]
[EventCountry "MNE"]
[SourceTitle "playchess.com"]
[Source "ChessBase"]
[SourceQuality "1"]
[TimeControl "40/5400+30:1800+30"]

1. e4 c5 2. Nf3 Nc6 3. Bb5 g6 4. O-O Bg7 5. Re1 e5 6. d3 Nge7 7. Na3 O-O 8. Bg5 h6 9. Bxe7 Nxe7 10. Bc4 d6 11. c3 Bg4 12. h3 Bxf3 13. Qxf3 Kh7 14. Nc2 f5 15. Ne3 b5 16. Be6 fxe4 17. Qxe4 Rf6 18. Bb3 Rf4 19. Qb7 Rb8 20. Qxa7 Nc6 21. Qa6 Rb6 22. Qa3 b4 23. cxb4 Nxb4 24. Bd5 Rd4 25. Bf3 Rxd3 26. Qa7 d5 27. a3 Nc6 28. Qf7 e4 29. Be2 Rd2 30. Rab1 Ne7 31. Ng4 h5 32. Qf4 Rbxb2 33. Nf6+ Kh8 34. Rxb2 Rxb2 35. Qg5 Ng8 36. Nxe4 Qxg5 37. Nxg5 Bc3 38. Rc1 Bf6 39. Rxc5 Rxe2 40. Rxd5 Bxg5 41. Rxg5 Kg7 42. Ra5 Ne7 43. h4 Nc6 44. Ra6 Ne5 45. Ra7+ Kf6 46. Ra8 Ng4 47. Rf8+ Kg7 48. Rf4 Re1# 0-1

[Event "76th Montenegro Championship 2024"]
[Site "Podgorica"]
[Date "2024.02.11"]
[Round "6.17"]
[White "Nenezic, Danilo"]
[Black "Grbovic, Dino"]
[Result "1-0"]
[ECO "C78"]
[WhiteElo "2086"]
[BlackElo "1946"]
[Annotator "NA RC"]
[PlyCount "125"]
[EventDate "2024.02.06"]
[EventType "swiss"]
[EventCountry "MNE"]
[SourceTitle "playchess.com"]
[Source "ChessBase"]
[SourceQuality "1"]
[TimeControl "40/5400+30:1800+30"]

1. e4 e5 2. Nf3 Nc6 3. Bb5 Nf6 4. d3 Bc5 5. O-O d6 6. c3 a6 7. Ba4 b5 8. Bc2 h6 9. Be3 O-O 10. h3 Re8 11. Bxc5 dxc5 12. Nbd2 Qd6 13. a4 Be6 14. Nh4 g6 15. g4 Rad8 16. Qf3 Nh7 17. Rfd1 Qe7 18. Qg3 Rd6 19. Ng2 Red8 20. f4 Bc8 21. axb5 axb5 22. Nf3 f6 23. f5 g5 24. Ne3 Bb7 25. Nd5 Qd7 26. Bb3 Kh8 27. Qf2 c4 28. dxc4 bxc4 29. Ba4 Qf7 30. Qc5 Nb8 31. Qxc4 Bxd5 32. exd5 c6 33. Bb3 cxd5 34. Qc5 Qb7 35. Nd2 Na6 36. Qf2 d4 37. Nc4 R6d7 38. Na5 Qb6 39. Be6 Rc7 40. Nc4 Qb7 41. cxd4 e4 42. Na5 e3 43. Nxb7 exf2+ 44. Kxf2 Rxb7 45. Rxa6 Rxb2+ 46. Kf3 Nf8 47. Rd3 Rb7 48. Ke4 Re7 49. Rc3 Nd7 50. Rc7 h5 51. Raa7 hxg4 52. hxg4 Nc5+ 53. Ke3 Rxe6+ 54. fxe6 Nxe6 55. Rd7 Rb8 56. Ke4 Kg8 57. Kf5 Nf8 58. Rg7+ Kh8 59. Rgf7 Kg8 60. Rxf6 Kh8 61. Raf7 Rb5+ 62. Ke4 Nh7 63. Rh6 1-0

[Event "76th Montenegro Championship 2024"]
[Site "Podgorica"]
[Date "2024.02.11"]
[Round "6.18"]
[White "Abramovic, Dragoljub"]
[Black "Lakusic, Zoran"]
[Result "1-0"]
[ECO "E11"]
[WhiteElo "2018"]
[BlackElo "1650"]
[Annotator "NA RC"]
[PlyCount "39"]
[EventDate "2024.02.06"]
[EventType "swiss"]
[EventCountry "MNE"]
[SourceTitle "playchess.com"]
[Source "ChessBase"]
[SourceQuality "1"]
[TimeControl "40/5400+30:1800+30"]

1. d4 Nf6 2. c4 e6 3. Nf3 Bb4+ 4. Bd2 Bxd2+ 5. Nbxd2 b6 6. e4 g6 7. e5 Nh5 8. g4 Ng7 9. Ne4 h6 10. Nf6+ Kf8 11. Bg2 Bb7 12. O-O Bxf3 13. Qxf3 c6 14. d5 Ne8 15. dxc6 dxc6 16. Rad1 Qc7 17. Nxe8 Kxe8 18. Qf6 Rg8 19. Rd6 Qe7 20. Rfd1 1-0

[Event "76th Montenegro Championship 2024"]
[Site "Podgorica"]
[Date "2024.02.11"]
[Round "7.1"]
[White "Djukic, Nikola"]
[Black "Draskovic, Luka"]
[Result "1/2-1/2"]
[ECO "C60"]
[WhiteElo "2529"]
[BlackElo "2481"]
[Annotator "TA"]
[PlyCount "27"]
[EventDate "2024.02.06"]
[EventType "swiss"]
[EventCountry "MNE"]
[SourceTitle "playchess.com"]
[Source "ChessBase"]
[SourceQuality "1"]
[TimeControl "40/5400+30:1800+30"]

1. e4 e5 2. Nf3 Nc6 3. Bb5 a6 4. Ba4 d6 5. c3 Bd7 6. d4 Nf6 7. O-O g6 8. Re1 Bg7 9. Nbd2 O-O 10. h3 exd4 11. cxd4 Nb4 12. Bxd7 Qxd7 13. Nf1 c5 14. a3 {[%emt 0:09:30] An uneventful encounter.   Weighted Error Value: White=0.06 (flawless) /Black=0.00 (flawless) .  OK:         	White=1     	---} 1/2-1/2

[Event "76th Montenegro Championship 2024"]
[Site "Podgorica"]
[Date "2024.02.11"]
[Round "7.2"]
[White "Kadric, Denis"]
[Black "Petrov, Nikita"]
[Result "1/2-1/2"]
[ECO "C55"]
[WhiteElo "2584"]
[BlackElo "2563"]
[Annotator "TA"]
[PlyCount "36"]
[EventDate "2024.02.06"]
[EventType "swiss"]
[EventCountry "MNE"]
[SourceTitle "playchess.com"]
[Source "ChessBase"]
[SourceQuality "1"]
[TimeControl "40/5400+30:1800+30"]

1. e4 e5 2. Nf3 Nc6 3. Bc4 Nf6 4. d3 Be7 5. O-O O-O 6. Nc3 d6 7. a4 a5 8. Ne2 (8. Be3 $142) 8... Be6 9. Bxe6 fxe6 10. Ng3 h6 11. c3 Qd7 12. Re1 Rad8 13. h3 b6 14. Qb3 Nh7 15. Be3 Rf7 16. Qb5 Nf8 17. Rac1 Ng6 18. Red1 d5 {[%emt 0:03:45] Not much happened in this game.   Weighted Error Value: White=0.12 (very precise) /Black=0.14 (very precise) .  Mistake:       	White=1     	---        Inaccurate:     	White=1     	Black=1      OK:         	White=2     	Black=2} 1/2-1/2

[Event "76th Montenegro Championship 2024"]
[Site "Podgorica"]
[Date "2024.02.11"]
[Round "7.3"]
[White "Draganic, Veljko"]
[Black "Smirnov, Artem"]
[Result "0-1"]
[ECO "B32"]
[WhiteElo "2323"]
[BlackElo "2406"]
[Annotator "TA"]
[PlyCount "98"]
[EventDate "2024.02.06"]
[EventType "swiss"]
[EventCountry "MNE"]
[SourceTitle "playchess.com"]
[Source "ChessBase"]
[SourceQuality "1"]
[TimeControl "40/5400+30:1800+30"]

1. e4 c5 2. Nf3 Nc6 3. d4 cxd4 4. Nxd4 e5 5. Nb5 d6 6. N1c3 a6 7. Na3 Be6 8. Nc4 Rb8 9. a3 Qc7 10. Ne3 Nf6 {[%emt 0:01:28] The position is equal.} 11. Bd3 g6 $1 12. O-O Bg7 13. Kh1 (13. Ncd5 $11 Bxd5 14. Nxd5 (14. exd5 Ne7 $11) 14... Nxd5 15. exd5) 13... O-O 14. f4 exf4 15. Rxf4 Ne5 16. Bd2 Rbe8 {[%emt 0:12:59] Black is more active.} 17. Qe1 Qd8 18. Qf2 $2 {[%emt 0:16:45] [#]} ({White should play} 18. Be2 $15) 18... Nfg4 (18... Nh5 $1 $19 19. Rf3 Nxf3 20. Qxf3 Nf6) 19. Qg3 Nxe3 20. Bxe3 f5 (20... Nc4 $17 21. Bxc4 Bxc4) 21. exf5 $11 Nxd3 22. cxd3 Bxf5 {[%emt 0:01:22][%cal Og7e5] ...Be5! would now be deadly.} (22... Rxf5 {simplifies} 23. Rxf5 Bxf5 24. Bg1 b5) 23. Bd4 Bh6 {[%emt 0:02:21] A strong pair of Bishops.} 24. Rff1 d5 25. Rae1 Qd7 (25... Qg5 $11 {keeps the balance.}) 26. Rxe8 (26. Qh4 $16 Bg7 27. Bxg7 Rxe1 28. Qxe1 (28. Rxe1 Qxg7 29. Re7 Rf7 $14) 28... Qxg7 29. Nxd5) 26... Rxe8 27. Qh4 Bf8 (27... Bxd3 $2 {loses.} 28. Rf3 Be4 29. Qxh6 $18) 28. Qf6 Bg7 29. Qxg7+ Qxg7 30. Bxg7 Kxg7 {[%emt 0:00:04][%mdl 4096] Endgame. KRB-KRN} 31. d4 Bd3 32. Rd1 Bc2 33. Rc1 Bb3 34. Kg1 Re3 35. Kf2 (35. Nb1 $11) 35... Rd3 $17 36. Re1 Kf6 {[%emt 0:00:29] Against Re7} ({Don't take} 36... Rxd4 37. Re7+ Kh6 38. Ne2 $11) 37. Re3 Rd2+ (37... Rxd4 $2 {too greedy.} 38. Ne2 Rh4 39. Rxb3 $18) 38. Re2 Rxd4 39. Ke3 Ke5 40. g3 (40. Kf2+ $17 {might work better.} Kf5 41. Re7) 40... Bc4 $19 41. Re1 Rd3+ 42. Kf2+ Kd6 43. Rd1 {[%emt 0:00:17] Dodges Rd2+} Rxd1 44. Nxd1 {[%emt 0:00:03] KB-KN} Ke5 45. Ke3 d4+ 46. Kd2 (46. Kf3 $142) 46... Ke4 {[%emt 0:00:46] Black is clearly winning.} 47. Nf2+ Kf3 48. Nh3 Kg2 49. Ng5 h6 {[%emt 0:00:45] Weighted Error Value: White=0.47/Black=0.14 (very precise) .  Loses game:     	White=1     	---        Mistake:       	White=5     	Black=3      Inaccurate:     	White=4     	---        OK:         	White=8     	Black=16     Best:        	---       	Black=6      Strong:       	---       	Black=1} 0-1

[Event "76th Montenegro Championship 2024"]
[Site "Podgorica"]
[Date "2024.02.11"]
[Round "7.4"]
[White "Nikcevic, Nebojsa"]
[Black "Tomic, Aleksandar"]
[Result "1-0"]
[ECO "E12"]
[WhiteElo "2338"]
[BlackElo "2398"]
[Annotator "RC"]
[PlyCount "155"]
[EventDate "2024.02.06"]
[EventType "swiss"]
[EventCountry "MNE"]
[SourceTitle "playchess.com"]
[Source "ChessBase"]
[SourceQuality "1"]
[TimeControl "40/5400+30:1800+30"]

1. d4 Nf6 2. Nf3 e6 3. c4 b6 4. Nc3 Bb4 5. Bg5 Bb7 6. Rc1 h6 7. Bh4 g5 8. Bg3 Ne4 9. Nd2 Bxc3 10. bxc3 Nxg3 11. fxg3 d6 12. e4 Nd7 13. Bd3 Qe7 14. O-O O-O-O 15. a4 a5 16. Qe2 h5 17. h3 Kb8 18. Rb1 Ka7 19. Rb2 c5 20. Nb1 Ba6 21. Na3 h4 22. g4 Rhf8 23. Nc2 Rc8 24. Ne3 Rb8 25. Rf3 Bb7 26. Qf1 Ba8 27. Rbf2 f6 28. Re2 Bb7 29. Qb1 Ba6 30. Rff2 Bb7 31. Nc2 Ba6 32. Ne3 Bb7 33. Rb2 Ba6 34. Rb3 Rfc8 35. Qf1 Bb7 36. Kh1 Rf8 37. Qa1 Rfc8 38. Nc2 Ba6 39. Ne3 Bb7 40. Rb1 Ba6 41. Rbf1 Rf8 42. Qb1 Bb7 43. Be2 Ba6 44. Bf3 Rfc8 45. e5 cxd4 46. exf6 Qxf6 47. cxd4 Qxd4 48. Qh7 Rc7 49. Re2 Qc5 50. Qg6 Ne5 51. Qxe6 Bxc4 52. Nxc4 Qxc4 53. Qxd6 Nxf3 54. Rxf3 Qxe2 55. Qxc7+ Rb7 56. Qc1 Rd7 57. Qxg5 Qd1+ 58. Kh2 Qxa4 59. Qxh4 Qd4 60. Qg3 a4 61. g5 Qd6 62. Qxd6 Rxd6 63. h4 Kb7 64. Kh3 b5 65. h5 Rd5 66. g4 b4 67. Rf4 Rb5 68. g6 a3 69. g7 a2 70. g8=Q a1=Q 71. Rf7+ Kc6 72. Qc8+ Kd5 73. Rd7+ Ke4 74. Qc4+ Kf3 75. Rd3+ Kf2 76. Rd2+ Kg1 77. Qxb5 Qc3+ 78. Qd3 1-0

[Event "76th Montenegro Championship 2024"]
[Site "Podgorica"]
[Date "2024.02.11"]
[Round "7.5"]
[White "Zherebtsova, Alexandra"]
[Black "Vukcevic, Nemanja"]
[Result "0-1"]
[ECO "E90"]
[WhiteElo "2270"]
[BlackElo "2275"]
[Annotator "TA"]
[PlyCount "136"]
[EventDate "2024.02.06"]
[EventType "swiss"]
[EventCountry "MNE"]
[SourceTitle "playchess.com"]
[Source "ChessBase"]
[SourceQuality "1"]
[TimeControl "40/5400+30:1800+30"]

1. d4 Nf6 2. c4 c5 3. d5 g6 4. Nc3 Bg7 5. e4 d6 6. Bd3 O-O 7. h3 e6 8. Nf3 Nbd7 9. Be3 exd5 10. exd5 Re8 11. O-O a6 12. a4 Nh5 13. Qd2 f5 14. Rfe1 Ne5 15. Nxe5 Rxe5 {[%emt 0:01:46] White is slightly better.} 16. Bg5 Qf8 17. f4 Rxe1+ 18. Rxe1 Nf6 19. Qf2 {[%emt 0:06:14] [#]} (19. b3 $11) 19... h6 (19... Ne4 $1 $17 20. Bxe4 (20. Nxe4 fxe4 21. Rxe4 Bf5 $17) 20... Bd4) 20. Bh4 $11 Bd7 21. Qc2 Re8 22. Qd2 Nh5 23. Be2 Bf6 24. Bf2 Ng7 25. Bd1 g5 26. Kf1 Rxe1+ 27. Bxe1 g4 28. h4 Qe7 29. g3 Bd4 30. Bf2 Nh5 31. Bc2 Qf6 32. Kg2 {[%emt 0:00:56] aiming for Bxd4.} Bxc3 33. Qxc3 {[%emt 0:00:28] [#]} (33. bxc3 $11 {and White has nothing to worry.} Kf7 34. Qe1) 33... Qxc3 $19 34. bxc3 $11 {[%emt 0:00:03][%mdl 4096] Endgame. KBB-KBN} Kf7 35. Kf1 Ke7 36. Ke2 Kd8 37. a5 Kc7 38. Kd2 b6 39. axb6+ Kxb6 40. Kc1 Ka5 41. Kb2 Nf6 42. Be3 Ng8 43. Ka3 Ne7 44. Bf2 Nc8 45. Be1 Kb6 46. Kb2 Kc7 47. Bd3 Nb6 48. Ka3 Kd8 49. Bf2 Ke7 50. Be1 Kf6 51. Bf2 (51. Kb2 $17 {is a better defense.}) 51... Bc8 $19 52. Be1 a5 53. Kb3 $2 (53. Bd2) 53... Ba6 54. Bf1 a4+ 55. Ka3 (55. Kb2 $142) 55... Bxc4 ({Not} 55... Nxc4+ 56. Ka2 $11) 56. Bxc4 Nxc4+ 57. Kxa4 {[%emt 0:00:30] KB-KN} Nb6+ 58. Kb5 Nxd5 59. Kc6 Ke6 60. Bd2 Nf6 61. Be1 Ne4 {[%emt 0:00:50] Black mates.} 62. c4 h5 63. Kc7 d5 64. cxd5+ Kxd5 65. Kd7 c4 66. Ke7 c3 67. Bxc3 Nxc3 68. Kf6 Ne4+ {[%emt 0:00:19] Weighted Error Value: White=0.54/Black=0.05 (flawless) .  Loses game:     	White=1     	---        Mistake:       	White=4     	Black=1      Inaccurate:     	White=3     	Black=1      OK:         	White=8     	Black=20     Best:        	White=1     	Black=2} 0-1

[Event "76th Montenegro Championship 2024"]
[Site "Podgorica"]
[Date "2024.02.11"]
[Round "7.6"]
[White "Milovic, Jovan"]
[Black "Kalezic, Blazo"]
[Result "1/2-1/2"]
[ECO "D04"]
[WhiteElo "2223"]
[BlackElo "2407"]
[Annotator "RC"]
[PlyCount "38"]
[EventDate "2024.02.06"]
[EventType "swiss"]
[EventCountry "MNE"]
[SourceTitle "playchess.com"]
[Source "ChessBase"]
[SourceQuality "1"]
[TimeControl "40/5400+30:1800+30"]

1. d4 d5 2. Nf3 Nf6 3. e3 c6 4. Bd3 Bg4 5. h3 Bh5 6. c4 e6 7. Qb3 Qb6 8. Ne5 Nbd7 9. f4 Bg6 10. Nxg6 hxg6 11. Nc3 Be7 12. O-O Nh5 13. Qxb6 axb6 14. cxd5 exd5 15. g4 Nhf6 16. Kg2 O-O-O 17. Bd2 Ne8 18. a4 Nc7 19. Na2 Rde8 1/2-1/2

[Event "76th Montenegro Championship 2024"]
[Site "Podgorica"]
[Date "2024.02.11"]
[Round "7.7"]
[White "Ivanovic, Bozidar"]
[Black "Pobor, Milo"]
[Result "1/2-1/2"]
[ECO "D36"]
[WhiteElo "2403"]
[BlackElo "2201"]
[Annotator "TA"]
[PlyCount "27"]
[EventDate "2024.02.06"]
[EventType "swiss"]
[EventCountry "MNE"]
[SourceTitle "playchess.com"]
[Source "ChessBase"]
[SourceQuality "1"]
[TimeControl "40/5400+30:1800+30"]

1. d4 Nf6 2. c4 e6 3. Nf3 d5 4. cxd5 exd5 5. Nc3 c6 6. Bg5 Be7 7. e3 Nbd7 8. Bd3 h6 9. Bh4 Nh5 10. Bxe7 Qxe7 11. O-O O-O 12. Qc2 Nb6 13. Ne5 Nf6 {[%emt 0:01:58] Repels Bh7+} 14. f4 {[%emt 0:00:16] Weighted Error Value: White=0.07 (flawless) /Black=0.13 (very precise) .  OK:         	---       	Black=1} 1/2-1/2

[Event "76th Montenegro Championship 2024"]
[Site "Podgorica"]
[Date "2024.02.11"]
[Round "7.8"]
[White "Drasko, Milan"]
[Black "Vujovic, Savo"]
[Result "1-0"]
[ECO "E60"]
[WhiteElo "2339"]
[BlackElo "2137"]
[Annotator "TA"]
[PlyCount "51"]
[EventDate "2024.02.06"]
[EventType "swiss"]
[EventCountry "MNE"]
[SourceTitle "playchess.com"]
[Source "ChessBase"]
[SourceQuality "1"]
[TimeControl "40/5400+30:1800+30"]

1. Nf3 Nf6 2. g3 g6 3. Bg2 Bg7 4. d4 O-O 5. c4 d6 6. O-O Bf5 7. Qb3 Qc8 8. Be3 (8. Nh4 $14 Be4 9. Nf3) 8... Nc6 9. Rd1 {[%emt 0:12:25] The position is equal.} Ng4 10. Bc1 Bxb1 11. Rxb1 Qf5 12. Qd3 (12. Be3 {simplifies} Nxe3 13. Qxe3 Rab8 14. d5) 12... Bxd4 13. Nxd4 $16 Qxf2+ 14. Kh1 Nxd4 (14... Qf6 $16 {was called for.} 15. Qd2 Nxd4 (15... Nf2+ $2 16. Kg1 $18) 16. Qxd4 Nf2+ 17. Kg1 Nxd1 18. Qxd1 c6) 15. Qxd4 $18 Qxe2 16. Rd2 (16. Bxb7 $2 Qxh2#) 16... Qe1+ 17. Qg1 Qe5 (17... Qxg1+ $16 {was necessary.} 18. Kxg1 Ne3) 18. b3 c6 19. Bb2 $36 {[%emt 0:00:38][%mdl 2048] Keeping Black busy.} Qg5 20. Re2 e5 (20... Ne5 $142 21. Rbe1 f6) 21. Rd1 f5 (21... Rfd8 {is a better defense.} 22. h3 Nh6) 22. Rxd6 Rad8 23. Bxe5 (23. c5 $18 {and White stays clearly on top.}) 23... Qe7 $2 {[%emt 0:01:08] [#]} (23... Rde8 $16) 24. Rxd8 $1 Rxd8 {[%emt 0:00:05] [#]} 25. Qa1 {[%emt 0:00:15] Strongly threatening Bh8.} Re8 $2 {[%emt 0:00:52] [#]} (25... Kf7 26. Bf3 Nxe5 27. Rxe5 (27. Qxe5 Qxe5 28. Rxe5 h5 $18) 27... Qf6) 26. Bh8 $1 {[%emt 0:00:12] Weighted Error Value: White=0.29 (precise) /Black=0.42.  Loses game:     	---       	Black=1      Missed win:     	White=1     	---        Mistake:       	White=1     	Black=6      OK:         	White=7     	Black=3      Best:        	White=2     	Black=1      Strong:       	White=1     	---} 1-0

[Event "76th Montenegro Championship 2024"]
[Site "Podgorica"]
[Date "2024.02.11"]
[Round "7.9"]
[White "Sukovic, Andrej"]
[Black "Nenezic, Danilo"]
[Result "0-1"]
[ECO "B20"]
[WhiteElo "2339"]
[BlackElo "2086"]
[Annotator "RC"]
[PlyCount "130"]
[EventDate "2024.02.06"]
[EventType "swiss"]
[EventCountry "MNE"]
[SourceTitle "playchess.com"]
[Source "ChessBase"]
[SourceQuality "1"]
[TimeControl "40/5400+30:1800+30"]

1. e4 c5 2. Ne2 a6 3. g3 b5 4. Bg2 Bb7 5. O-O Nf6 6. d3 e6 7. c3 Qc7 8. a4 b4 9. cxb4 cxb4 10. Bf4 e5 11. Bg5 Be7 12. Nd2 h6 13. Rc1 Qd8 14. Be3 d6 15. Qc2 Nc6 16. Nc4 O-O 17. Nb6 Rb8 18. h3 Nd7 19. Nd5 Re8 20. Kh2 Bf8 21. f4 f6 22. Bf3 Kh7 23. Bh5 g6 24. Bg4 Bg7 25. Qd2 exf4 26. gxf4 Nc5 27. Ng3 Nb3 28. Qf2 Nxc1 29. Bb6 Nxd3 30. Qd2 Nc5 31. Bxd8 Rbxd8 32. Qg2 Nd4 33. Rg1 Bxd5 34. exd5 f5 35. Bd1 Rg8 36. h4 Bf6 37. h5 g5 38. Nxf5 b3 39. Nxd4 Bxd4 40. Re1 gxf4 41. Re7+ Kh8 42. Qd2 Be5 43. Bxb3 Rg5 44. Bd1 f3+ 45. Rxe5 dxe5 46. Bxf3 Rf8 47. Qe3 Rf4 48. Kh3 Nd7 49. a5 Nf6 50. b3 Rgf5 51. Be2 Ne4 52. Qb6 Rg5 53. Qxh6+ Kg8 54. Qe6+ Kh7 55. Qd7+ Rg7 56. Qd8 Rg3+ 57. Kh2 Rf2+ 58. Kh1 Rxe2 59. Qd7+ Rg7 60. Qf5+ Kh6 61. Qe6+ Kxh5 62. Qxe5+ Rg5 63. Qe8+ Kh4 64. Qh8+ Rh5 65. Qb8 Kh3 0-1

[Event "76th Montenegro Championship 2024"]
[Site "Podgorica"]
[Date "2024.02.11"]
[Round "7.10"]
[White "Skvortsova, Alena"]
[Black "Vujosevic, Vladimir"]
[Result "1-0"]
[ECO "C45"]
[WhiteElo "2111"]
[BlackElo "2335"]
[Annotator "RC"]
[PlyCount "85"]
[EventDate "2024.02.06"]
[EventType "swiss"]
[EventCountry "MNE"]
[SourceTitle "playchess.com"]
[Source "ChessBase"]
[SourceQuality "1"]
[TimeControl "40/5400+30:1800+30"]

1. e4 e5 2. Nf3 Nc6 3. d4 exd4 4. Nxd4 Bc5 5. Nb3 Bb6 6. Nc3 d6 7. Qe2 Nge7 8. Be3 O-O 9. O-O-O Be6 10. f4 f6 11. Kb1 Bxe3 12. Qxe3 Re8 13. Qf3 Qc8 14. h3 a6 15. g4 Kh8 16. Rg1 Bg8 17. h4 Rf8 18. Bh3 Qe8 19. Nd5 Qd8 20. h5 h6 21. Qg3 Nxd5 22. exd5 Nb4 23. Bg2 a5 24. a3 a4 25. Nd4 Na6 26. Rde1 Nc5 27. Nf5 Rf7 28. Bh3 c6 29. g5 cxd5 30. gxh6 gxh6 31. Nxh6 Rc7 32. Bf5 Bh7 33. Bg6 Qf8 34. Nf5 Ne4 35. Qd3 Ra5 36. Nh4 Qh6 37. Bxh7 Kxh7 38. Rxe4 dxe4 39. Qxe4+ f5 40. Qe8 Rg7 41. Ng6 Rg8 42. Qd7+ Rg7 43. Qd8 1-0

[Event "76th Montenegro Championship 2024"]
[Site "Podgorica"]
[Date "2024.02.11"]
[Round "7.11"]
[White "Djurovic, Peko"]
[Black "Ratkovic, Milorad"]
[Result "0-1"]
[ECO "B81"]
[WhiteElo "2332"]
[BlackElo "2063"]
[Annotator "TA"]
[PlyCount "70"]
[EventDate "2024.02.06"]
[EventType "swiss"]
[EventCountry "MNE"]
[SourceTitle "playchess.com"]
[Source "ChessBase"]
[SourceQuality "1"]
[TimeControl "40/5400+30:1800+30"]

1. e4 c5 2. Nf3 e6 3. d4 cxd4 4. Nxd4 Nf6 5. Nc3 d6 6. g4 h6 7. h4 a6 8. Rg1 Nfd7 9. g5 hxg5 10. hxg5 g6 11. Be3 {[%emt 0:00:42] White is better.} b5 {[%emt 0:00:51] [#]} 12. a3 $1 Bb7 13. f4 Nc5 14. Bg2 Qc7 15. Qg4 Nc6 16. Nxc6 Qxc6 17. f5 O-O-O 18. O-O-O {[%emt 0:11:03] Hoping for fxg6.} Kb8 19. Bd4 Rh5 20. b4 ({White should play} 20. e5 $16 d5 (20... exf5 $2 21. Qxh5 Qxg2 22. Qh7 $18) 21. fxg6 fxg6 22. Rgf1) 20... e5 {[%emt 0:03:58] [#]} (20... Nd7 $14 21. fxg6 (21. fxe6 fxe6 22. Qxe6 Rxg5 $16) 21... fxg6 22. Qxe6 Rxg5) 21. Bxe5 $1 $16 {[%emt 0:06:32] And now Bd4 would win.} (21. Bxc5 Rc8 22. fxg6 dxc5) 21... Rc8 (21... Na4 $16 22. Nxa4 Rc8) 22. Bxd6+ $4 (22. Bd4 $18 Na4 23. e5) 22... Bxd6 $19 23. bxc5 Bxc5 24. Qg3+ Ka8 $2 (24... Ka7 $19 25. e5 Bxa3+ 26. Kd2 Rh2) 25. Rge1 {[%emt 0:01:33][%mdl 8192] This move loses the game for White.} (25. e5 $17 Qc7 (25... Bxa3+ 26. Kb1 $14) 26. Bxb7+ Kxb7 (26... Qxb7 27. Nd5 $14) 27. Qg2+ Kb8 28. Nd5 Bxa3+ 29. Kb1 Qxe5 30. Qg3 Qxg3 31. Rxg3) 25... Bxa3+ {[%emt 0:00:00] This pair of bishops is nice. Black is clearly winning.} 26. Kd2 b4 27. Nb1 Qxc2+ 28. Ke3 Qc5+ 29. Kf4 Bb2 30. Kg4 Be5 (30... gxf5+ $142 31. Kf3 fxe4+ (31... Bxe4+ $2 32. Rxe4 fxe4+ 33. Ke2 $19) 32. Ke2 Rxg5 (32... Qxg5 $2 33. Qxg5 Rxg5 34. Bh1 $19)) 31. Qe3 gxf5+ 32. exf5 Qc4+ 33. Be4 Rch8 {[%emt 0:00:00] ( -> ...Rh2)} 34. Nd2 (34. Rd8+ $142 Rxd8 35. Kxh5 Rh8+ 36. Kg4) 34... Rh4+ 35. Kf3 Qb5 {[%emt 0:00:00] Weighted Error Value: White=1.25/Black=1.07.  Loses game:     	White=1     	---        Missed win:     	White=1     	---        Mistake:       	White=1     	Black=2      Inaccurate:     	White=1     	Black=1      OK:         	White=7     	Black=5      Best:        	---       	Black=2      Strong:       	White=2     	---} 0-1